Cogmind - Beta 15 @@@ ROGUE MODE // 2025.06.21 @ 18:39:31 Player: Skysub Result: Destroyed by 2K-0UX(R) with Subdweller Machine Gun Performance ------------- Evolutions (0) 0 Regions Visited (2) 400 Robots Destroyed (22) 110 Value Destroyed (321) 321 Prototype IDs (11) 220 Alien Tech Used (0) 0 Bonus (0) 0 TOTAL SCORE: 1051 Bonus ------- None Cogmind --------- Core Integrity 0/250 Matter 160/300 Energy 100/100 System Corruption 0% Temperature Cool (0) Movement Core (450) Ox8 Location -10/Subcaves Parts ------- > --- POWER (1) -------- (None) > --- PROPULSION (2) --- (None) > --- UTILITY (2) ------ Large Storage Unit Makeshift Light Armor Plating > --- WEAPON (2) ------- Assault Rifle > --- INVENTORY (15) --- Subdweller Power Source Subdweller Power Source Subdweller Power Source Structural Scanner Subdweller Optics Scrap Shield Scrap Shield Subdweller Laser Powered Cannon Subdweller Machine Gun Makeshift Axe Peak State ------------ > --- POWER ------------ Light Ion Engine > --- PROPULSION ------- Compact Wheel > --- UTILITY ---------- Large Storage Unit Makeshift Light Armor Plating > --- WEAPON ----------- Subdweller Machine Gun Makeshift Axe > --- INVENTORY -------- Subdweller Power Source Subdweller Power Source Subdweller Power Source Structural Scanner Subdweller Optics Scrap Shield Scrap Shield Subdweller Laser Powered Cannon Assault Rifle Subdweller Machine Gun [Rating: 16] Favorites ----------- Power Light Ion Engine Engine Light Ion Engine Propulsion Light Treads Treads Light Treads Wheel Compact Wheel Utility Large Storage Unit Device Structural Scanner Storage Large Storage Unit Protection Makeshift Light Armor Plating Weapon Assault Rifle Ballistic Gun Assault Rifle Launcher Grenade Launcher Special Weapon Mining Laser Slashing Weapon Makeshift Axe Build | -11 -10 -10 ------- Run | Yrd Mat Sub Slots Evolved . | . . . Power . | . . . Propulsion . | . . . Utility . | . . . Weapon . | . . . Parts Attached 16 | 6 2 8 Power 2 | 1 . 1 Engine 2 | 1 . 1 Core . | . . . Reactor . | . . . Propulsion 3 | 2 . 1 Treads 2 | 2 . . Leg . | . . . Wheel 1 | . . 1 Hover . | . . . Flight . | . . . Utility 4 | 1 2 1 Device 1 | . 1 . Storage 2 | 1 1 . Processor . | . . . Hackware . | . . . Protection 1 | . . 1 Artifact . | . . . Weapon 7 | 2 . 5 Energy Gun . | . . . Energy Cannon . | . . . Ballistic Gun 3 | 2 . 1 Ballistic Cannon . | . . . Launcher 2 | . . 2 Special Weapon 1 | . . 1 Impact Weapon . | . . . Slashing Weapon 1 | . . 1 Piercing Weapon . | . . . Special Melee Weapon . | . . . Unidentified Prototypes . | . . . Parts Lost 8 | . . 8 Power 2 | . . 2 Propulsion 3 | . . 3 Utility . | . . . Weapon 3 | . . 3 Highest Loss Streak 3 | . . 3 To Critical Strikes 1 | . . 1 Average Backups 7 | 1 3 8 Power 1 | . 1 1 Propulsion . | . 1 . Utility 2 | . . 2 Weapon 3 | . 1 3 Tool/Special . | . . . Unused Backups 12 | 1 . 11 Power 3 | . . 3 Propulsion 1 | 1 . . Utility 3 | . . 3 Weapon 5 | . . 5 Tool/Special . | . . . Average Slot Usage (%) 91 | . 96 90 Engine 13 | . 12 13 Treads 14 | . 27 13 Wheel 6 | . . 7 Device 12 | . 2 13 Storage 14 | . 25 14 Ballistic Gun 10 | . 27 9 Launcher 10 | . . 11 Special Weapon 1 | . . 1 Slashing Weapon 4 | . . 5 Peak Build Rating 16 | 6 7 16 Average Rating 9 | 5 6 9 On Entrance 4 | . 6 7 Naked Turns . | . . . Heaviest Build 35 | 12 32 35 Greatest Support 40 | 40 40 40 Greatest Overweight (x) 2 | . 1 2 Average Overweight (x) . | . . . Largest Inventory Capacity 15 | 8 15 15 Average Capacity 14 | 7 14 15 Most Carried 15 | 3 4 15 Average Carried 9 | 1 3 10 Final Capacity 15 | 8 15 15 Final Carried 14 | 3 4 14 Class Distribution -------------------- 100% | Mutant Dominant Class ---------------- Mutant | -10/Materials Mutant | -10/Subcaves Resources | -11 -10 -10 ----------- Run | Yrd Mat Sub Matter Collected 699 | 329 139 231 Remotely . | . . . Salvage Created 531 | 125 193 213 Parts 42 | 13 11 18 Haulers Intercepted . | . . . Recyclers Shooed 3 | 1 2 . Parts Field Recycled . | . . . Retrieved Matter . | . . . Parts Self-Destructed 10 | . . 10 Prevented . | . . . Kills | -11 -10 -10 ------- Run | Yrd Mat Sub Combat Hostiles Destroyed 12 | . . 12 Guns 5 | . . 5 AOE 7 | . . 7 Classes Destroyed 7 | 3 1 3 Worker 2 | 2 . . Builder 2 | . 2 . Tunneler 3 | 3 . . Recycler 3 | 1 2 . Swarmer 7 | . . 7 Artisan 1 | . . 1 Subdweller 5 | . . 5 Best Kill Streak 6 | 6 3 4 Combat Bots Only 4 | . . 4 Max Kills in Single Turn 2 | 1 1 2 Gunslinging 1 | . . 1 Exploded 2 | . . 2 Melee . | . . . Uniques/NPCs Destroyed . | . . . Combat | -11 -10 -10 -------- Run | Yrd Mat Sub Hostile Shots Fired 103 | . . 103 Missed 36 | . . 36 Hits 67 | . . 67 Projectile 67 | . . 67 AOE 3 | . . 3 Critical Strikes 1 | . . 1 Damage Taken 1122 | . . 1122 Core 261 | . . 261 Absorbed by Shields . | . . . Core Remaining (%) 100 | 100 . . Volleys Fired 61 | 18 6 37 Largest 2 | 2 2 2 Hottest 100 | 40 40 100 Shots Fired 95 | 36 10 49 Gun 80 | 36 10 34 Cannon . | . . . Launcher 13 | . . 13 Special 2 | . . 2 Kinetic 86 | 36 10 40 Thermal 2 | . . 2 Explosive 7 | . . 7 Electromagnetic . | . . . Robot Hit Streak 13 | 11 13 13 Robot Miss Streak 3 | 3 1 2 Penetration Max . | . . . Secondary Targets 2 | . . 2 Max Gunslinging Chain 1 | . . 1 Shots Hit Robots 60 | 23 7 30 Core Hits 29 | 7 5 17 Critical Kills . | . . . Critical Parts Destroyed . | . . . Critical Strikes . | . . . Melee Attacks 7 | . . 7 Impact . | . . . Slashing 7 | . . 7 Piercing . | . . . Sneak Attacks 1 | . . 1 Combat Hostiles . | . . . Follow-up Attacks . | . . . Damage Inflicted 1465 | 257 98 1110 Guns 722 | 257 98 367 Cannons . | . . . Explosions 667 | . . 667 Melee 76 | . . 76 Ramming . | . . . Kinetic 1138 | 257 98 783 Thermal . | . . . Explosive 251 | . . 251 Electromagnetic . | . . . Impact . | . . . Slashing 76 | . . 76 Piercing . | . . . Highest Corruption . | . . . Average Corruption . | . . . Corruption Purged . | . . . Corruption Blocked . | . . . Overload Shots . | . . . Overflow Damage . | . . . Projectiles . | . . . Explosions . | . . . Melee . | . . . Knockbacks . | . . . Impact . | . . . Kinetic . | . . . Secondary . | . . . Self-Inflicted Damage 40 | . . 40 Shots 1 | . . 1 Rammed . | . . . Targets Rammed . | . . . Kicked . | . . . Crushed . | . . . Highest Temperature . | . . . Average Temperature . | . . . Received Heat Transfer 30 | . . 30 Siege Activations . | . . . Martial Activations . | . . . Shielding Activations . | . . . Robots Disrupted . | . . . Combat Hostiles . | . . . Robots Corrupted . | . . . Combat Hostiles . | . . . Parts Fried . | . . . Impact Corruptions . | . . . Robots Melted . | . . . Combat Hostiles . | . . . Parts Melted . | . . . Heat Transferred . | . . . Parts Sabotaged . | . . . Parts Stolen . | . . . Parts Stripped . | . . . Power Chain Reactions . | . . . Alert | -11 -10 -10 ------- Run | Yrd Mat Sub Maximum Alert Level . | . . . Low Security (%) 100 | 100 100 . Level 1 . | . . . Level 2 . | . . . Level 3 . | . . . Level 4 . | . . . Level 5 . | . . . High Security . | . . . Max Security . | . . . Peak Influence 20 | 20 15 . Initial . | . . . Average 2 | 3 1 . Influence Increases 230 | 30 20 180 Destroy 0b10 Robot/C 140 | . . 140 Destroy 0b10 Robot/NC 50 | 30 20 . Destroy Leader 10 | . . 10 Lose Combat Pursuer 30 | . . 30 Influence Decreases 230 | 30 20 180 Time Decay 200 | 30 20 150 Lost Part 30 | . . 30 Squads Dispatched . | . . . Investigation . | . . . Extermination . | . . . Reinforcement . | . . . Assault . | . . . Garrison . | . . . Intercept . | . . . Searches Triggered . | . . . Construction Impeded . | . . . Haulers Reinforced . | . . . Active Scanning Responses . | . . . Cargo Convoy Interrupts . | . . . Stealth | -11 -10 -10 --------- Run | Yrd Mat Sub Distress Signals . | . . . Communications Jammed . | . . . Distress Signals . | . . . Times Spotted 15 | . 1 14 Peak Tracking Total 6 | . 1 6 Tactical Retreats 1 | . . 1 Traps | -11 -10 -10 ------- Run | Yrd Mat Sub Traps Triggered 6 | . 2 4 Indirectly . | . . . Trap Hack Attempts . | . . . Triggered . | . . . Disarmed . | . . . Reprogrammed . | . . . Reused . | . . . Traps Extracted . | . . . Installed . | . . . Triggered . | . . . Machines | -11 -10 -10 ---------- Run | Yrd Mat Sub Machines Disabled 1 | . . 1 Max in Single Turn 1 | . . 1 Machines Repaired . | . . . Machines Dismantled . | . . . Machines Sabotaged . | . . . Overloaded Fab Kills . | . . . Hacking | -11 -10 -10 --------- Run | Yrd Mat Sub Machines Accessed 1 | . . 1 Terminals . | . . . Fabricators . | . . . Repair Stations . | . . . Recycling Units . | . . . Scanalyzers . | . . . Garrison Access . | . . . Total Hacks 1 | . . 1 Successful 1 | . . 1 Failed . | . . . Catastrophic . | . . . Database Lockouts . | . . . Manual . | . . . Terminals . | . . . Fabricators . | . . . Repair Stations . | . . . Recycling Units . | . . . Scanalyzers . | . . . Garrison Access . | . . . Terminal Hacks 1 | . . 1 Proto ID Catalog 1 | . . 1 Fabricator Hacks . | . . . Repair Station Hacks . | . . . Recycling Unit Hacks . | . . . Scanalyzer . | . . . Garrison Access Hacks . | . . . Unauthorized Hacks . | . . . Terminals . | . . . Fabricators . | . . . Repair Stations . | . . . Recycling Units . | . . . Scanalyzers . | . . . Garrison Access . | . . . Data Cores Recovered . | . . . Used . | . . . Hacking Detections . | . . . Full Trace Events . | . . . Feedback Events . | . . . Feedback Blocked . | . . . Robot Schematics Acquired . | . . . Robots Built . | . . . Authchips . | . . . Time . | . . . Total Robot Build Rating . | . . . Part Schematics Acquired . | . . . Parts Built . | . . . Authchips . | . . . Time . | . . . Total Part Build Rating . | . . . Parts Repaired . | . . . Time . | . . . Parts Recycled . | . . . Recycled Matter . | . . . Retrieved Matter . | . . . Retrieved Components . | . . . Parts Scanalyzed . | . . . Part Schematics Acquired . | . . . Parts Damaged . | . . . Bothacking | -11 -10 -10 ------------ Run | Yrd Mat Sub Used RIF Installer . | . . . Robots Hacked . | . . . Non-combat . | . . . Combat . | . . . Robot Hacks Applied . | . . . Relay Couplers Released . | . . . Fabnet Peak Effective % . | . . . Robots Rewired . | . . . Allies Hacked . | . . . Hacks Repelled . | . . . Allies | -11 -10 -10 -------- Run | Yrd Mat Sub Total Allies . | . . . Largest Group . | . . . Highest-Rated Group . | . . . Highest-Rated Ally . | . . . Total Orders . | . . . Ally Attacks . | . . . Total Damage . | . . . Kills . | . . . Allies Corrupted . | . . . Allies Melted . | . . . Intel | -11 -10 -10 ------- Run | Yrd Mat Sub Active Infowar (turns) 2152 | . 31 2121 Structural 2152 | . 31 2121 Robot Analysis Total . | . . . Derelict Logs Recovered 2 | . . 2 Drone Launches . | . . . Drone Recoveries . | . . . Exploration | -11 -10 -10 ------------- Run | Yrd Mat Sub Turns Passed 2594 | 168 185 2241 Spaces Moved 1660 | 64 98 1498 Core 1 | 1 . . Treads 798 | 63 98 637 Legs . | . . . Wheels 861 | . . 861 Hover . | . . . Flight . | . . . Fastest Speed 50 | 50 160 115 Average Speed 141 | 158 161 139 Slowest Speed 240 | 160 240 160 Overloaded Moves . | . . . Propulsion Burnouts . | . . . Robots Hopped . | . . . Potential Cave-ins . | . . . Cave-ins Triggered . | . . . Exploration Rate (%) 33 | 5 23 72 Regions Visited 2 Branch Regions 1 Pre-discovered Areas 2 | . . 2 Known Exits Taken . | . . . Unknown Exits Taken 2 | 1 1 . Scrap Searched 7 | . . 7 Spaces Dug . | . . . Terrain Destroyed 100 | . . 100 Melee . | . . . Projectile . | . . . AOE 100 | . . 100 Terrain Rammed . | . . . Walls Destroyed . | . . . Machines Disabled . | . . . Actions | -11 -10 -10 --------- Run | Yrd Mat Sub Total 1777 | 92 111 1574 Wait 1 | . . 1 Move 1658 | 63 97 1498 Hop . | . . . Pick Up 20 | 4 1 15 Fast Attach 12 | 6 6 . Attach 4 | . . 4 Detach . | . . . Swap 9 | . 1 8 Drop 5 | 1 . 4 Fire 61 | 18 6 37 Melee 7 | . . 7 Ram . | . . . Kick . | . . . Crush . | . . . Escape Stasis . | . . . Rewire . | . . . Trap . | . . . Miscellaneous . | . . . Route ------- -11/Scrapyard -10/Materials -10/Subcaves (discovered 1 exit: [*Mat]) History --------- Turn | Location | Event 9 | -11/Scrapyard | Discovered new exit (range 15) 169 | -11/Scrapyard | Entered Materials 324 | -10/Materials | Discovered new exit (range 5) 344 | -10/Materials | Build established: Mutant 354 | -10/Materials | Entered Subcaves 784 | -10/Subcaves | Learned location of Mines (-10) 844 | -10/Subcaves | Learned location of Mines (-9) 1390 | -10/Subcaves | Shifting Twisted Machinery released Mak. Axe 1417 | -10/Subcaves | Core integrity fell below 50% 1463 | -10/Subcaves | Lost 3 parts (2n1w) 1476 | -10/Subcaves | Shifting Twisted Machinery released Sub. Power Source 1843 | -10/Subcaves | Visited 4L-MR0's lab 1858 | -10/Subcaves | Found Powered Cannon 2285 | -10/Subcaves | Core integrity fell below 20% 2390 | -10/Subcaves | Discovered new exit (range 16) 2521 | -10/Subcaves | Lost 3 parts (1p2w) 2595 | -10/Subcaves | Destroyed by 2K-0UX(R) with Subdweller Machine Gun Last Messages --------------- Acquired Powered Cannon. HQ-Z21(u) tweaks Twisted Machinery. Sneak attack on HQ-Z21(u). HQ-Z21(u) cries out in pain. HQ-Z21(u) destroyed. Acquired 10 matter. IN-VPD(R) destroyed. Acquired 35 matter. EXIT=FOUND 0B-6CQ(R): "ARGHSUB!" Z7-4DB(R) destroyed. 0B-6CQ(R) destroyed. Sub. Shrapnel Launcher destroyed. 33-GNT(R) destroyed. 6K-EZ4(R): "ECOKILL!" Sub. Machine Gun destroyed. Lgt. Ion Engine destroyed. Subatomizers dissect the Sub. Optics. Com. Wheel destroyed. 6K-EZ4(R) destroyed. Map ----- +----------------------------------------------------+ | ## ### ###???????????????? | | # #### ##???????????????? | | #### ##???????????????? | | ## ##### ###???????????????? | | ######## ###???????????????? | | ####### #### ##????????????????? | | ####### #### ###????????????????? | | ###### ## #########????????????????? | | ##### #########?????????????????? | | ##### ########??????????????????? | | ### ### ###??????????????????? | | ### ## ###?????????????????? | | #### ### ####????????????????? | | #### ##### ####???????????????? | | ##### ###### ###???????????????? | | ###### ##### ####?????????????? | | ##### ### ####?????????????? | | #### ## ##?????????????? | | #### ## ## ###?????????????? | | # #### ### #### ###?????????????? | | ## ### #### #### ####????????????? | | ### ## ##### ###; ;;#????????????? | | ### ## ## ###; ;#????????????? | | ## ##;; ;#????????????? | | ## ### ##; ;#????????????? | | # ## ##; @ ##????????????? | | # ### #; ;##????????????? | | #######" ## # ;;##????????????? | | #######" ###; ;##?????????????? | | ????###" ##;; ;#??????????????? | | ????###" ####;; ##??????????????? | | ????##"" ####; R ##??????????????? | | ??####" ###; %! ;##??????????????? | | ??####" ##; ;;;##??????????????? | | ??## " " ## ;###???????????????? | | ??## ##????????????????? | | ?## ##????????????????? | | ""## &* ###????????????????? | | "#### " & ! ####????????????????? | | "## &" ## ###?????????????????? | | " "" "" #### #####??????????????????? | | " & " #### #####??????????????????? | | """ "### ##### ##?????????????????????? | | " ""#### #######?????????????????????? | | ########## #######?????????????????????? | | ########## ##??????????????????????????? | | ??????### ###??????????????????????????? | | ??????## ########??????????????????????? | | ??????### ##########?????????????????????? | | ??????#### ##### ###?????????????????????? | +----------------------------------------------------+ Best States ------------- Heat Dissipation 25 Energy Generation 10 Energy Capacity 125 Matter Stores 300 Matter Capacity 300 Sight Range 16 Terrain Scan Density 10 Armor Coverage 100 Evasion (%) 40 Recoil Reduction 2 Item Schematics ----------------- None Robot Schematics ------------------ None Fabricated ------------ Nothing Repaired ---------- Nothing Alien Tech Used ----------------- None Achievements -------------- None Challenges ------------ None Game ------ Seed VoltaicProcessingArchive Manual? 0 Play Time 00:10:23 Cumulative 123.8 hours Start 2025.06.21 @ 18:30:00 End 2025.06.21 @ 18:39:31 Sessions 1 Manual Loads 0 Difficulty Rogue Special Mode None Game No. 132 Rogue 132 Adventurer 0 Explorer 0 Win Type - Total 2 Types 1/0/0/1/0/0/0/0/0/0 Lore% 60 Gallery% 56 Achievement% 51 Wizard Run 0 Options --------- Layout 1 ASCII 0 Keyboard 1 Movement Numpad Keybinds 0 Fullscreen 1 Font 32/SmallcapsGlow Map View 77x35 Zoom Use 0% Tactical HUD 0 Map Filters NONE Filters NONE Steam 1 RUN: b9108054-9bfc-46c0-8596-d1848de8a2d9